 Dungeon Crawl Stone Soup version 0.30.1-9-gdf580d7c3d (webtiles) character file.

Game seed: 11144804247246625538

34384 Anriel the Basher (level 14, -13/98 HPs)
             Began as a Human Gladiator on Sept 25, 2023.
             Was a High Priest of Okawaru.
             Killed from afar by a hell hog (18 damage)
             ... with a fireball
             ... on level 3 of the Abyss.
             The game lasted 01:22:18 (12550 turns).

Anriel the Basher (Human Gladiator)                Turns: 12550, Time: 01:22:19

Health: -13/98     AC: 32    Str: 19      XL:     14   Next: 13%
Magic:  21/21      EV:  9    Int:  3      God:    Okawaru [*****.]
Gold:   382        SH:  0    Dex: 13 (14) Spells: 13/13 levels left

rFire   . . .        y - +7 great mace (protect)
rCold   + . .        (shield currently unavailable)
rNeg    . . .        j - +0 plate armour
rPois   .            c - +2 helmet
rElec   +            R - +2 cloak of Xiklor {Rampage +Blink rElec Int-5}
rCorr   +            k - +2 pair of gloves
SInv    .            u - +2 pair of boots
Will    +....        l - amulet of regeneration Stlth
                     t - ring of Intercession {rC+ rCorr AC+4}
HPRegen 0.00/turn    J - +4 ring of slaying
MPRegen 0.17/turn

%: clarity, rampage
@: sick
A: hooves 1, clarity, clumsy 1
a: Renounce Religion, Evoke Blink, Heroism, Finesse, Duel


You were on level 3 of the Abyss.
You worshipped Okawaru.
Okawaru was extremely pleased with you.
You visited 2 branches of the dungeon, and saw 15 of its levels.
You visited the Abyss 1 time.
You also visited: Gauntlet.

You collected 886 gold pieces.
You spent 504 gold pieces at shops.

Inventory:

Hand Weapons
 a - a +2 flail of flaming
 w - the +6 whip "Qulit" {vamp, rElec}
   (You found it on level 6 of the Dungeon)

   rElec:     It insulates you from electricity.
 y - a +7 great mace of protection (weapon)
 X - a +5 flail of protection
Missiles
 b - 6 boomerangs (quivered)
 d - a throwing net
 E - 7 javelins
 N - a silver javelin
 Z - 3 boomerangs of dispersal
Armour
 c - a +2 helmet (worn)
 j - a +0 plate armour (worn)
 k - a +2 pair of gloves (worn)
 u - a +2 pair of boots (worn)
 D - +0 steam dragon scales
 O - the +1 robe of Eternal Night {rF- Int+7}
   (Okawaru gifted it to you in a Gauntlet)

   Int:       It affects your intelligence (+7).
   rF:        It makes you vulnerable to fire.
 Q - the +0 pair of boots of Honour {Fly rF+ Dex+2}
   (You found it in a Gauntlet)

   Dex:       It affects your dexterity (+2).
   rF:        It protects you from fire.
   Fly:       It grants you flight.
 R - the +2 cloak of Xiklor (worn) {Rampage +Blink rElec Int-5}
   (You found it in a Gauntlet)

   Int:       It affects your intelligence (-5).
   rElec:     It insulates you from electricity.
   +Blink:    It lets you blink.
   Rampage:   It bestows one free step when moving towards enemies.
 T - a +0 pair of gloves of stealth
Jewellery
 g - a ring of positive energy
 i - a ring of fire
 l - an amulet of regeneration (around neck)
 n - a ring of resist corrosion
 t - the ring of Intercession (left hand) {rC+ rCorr AC+4}
   (You found it on level 5 of the Dungeon)

   [ring of protection]

   AC:        It affects your AC (+4).
   rC:        It protects you from cold.
   rCorr:     It protects you from acid and corrosion.
 v - an amulet of guardian spirit
 C - the ring "Gupt" {Fly MP+9}
   (You found it on level 8 of the Dungeon)

   [ring of flight]

   MP:        It affects your magic capacity (+9).
   Fly:       It grants you flight.
 J - a +4 ring of slaying (right hand)
 M - the ring "Wecliati" {rF- rN+++ AC+4 Str+3 Stlth+}
   (You took it off an orc priest on level 10 of the Dungeon)

   [ring of protection]

   AC:        It affects your AC (+4).
   Str:       It affects your strength (+3).
   rF:        It makes you vulnerable to fire.
   rN:        It renders you almost immune to negative energy.
   Stlth:     It makes you more stealthy.
 S - the ring of Hospitality {Str+6 Dex+5}
   (You found it in a Gauntlet)

   [ring of strength]

   Str:       It affects your strength (+6).
   Dex:       It affects your dexterity (+5).
 W - a +6 ring of dexterity
Wands
 o - a wand of flame (6)
 A - a wand of paralysis (7)
 I - a wand of light (1)
 U - a wand of polymorph (5)
Scrolls
 f - 7 scrolls of teleportation
 r - 6 scrolls of fear
 x - a scroll of poison
 B - a scroll of amnesia
 F - 3 scrolls of magic mapping
 L - 2 scrolls of identify
 P - a scroll of blinking
Potions
 e - 5 potions of haste
 h - a potion of cancellation
 m - 9 potions of curing
 p - 2 potions of might
 q - a potion of heal wounds
 s - 2 potions of flight
 z - a potion of brilliance
 G - 3 potions of berserk rage
 K - a potion of ambrosia
Miscellaneous
 H - a lightning rod (4/4)
 V - a piece from Xom's chessboard (15/15)
 Y - a tin of tremorstones (2/2)


   Skills:
 - Level 5.0 Fighting
 * Level 14.0 Maces & Flails
 - Level 5.0 Throwing
 + Level 10.1 Armour
 + Level 10.2 Dodging
 - Level 10.3 Invocations
 - Level 5.8 Evocations


You had 13 spell levels left.
You didn't know any spells.
Your spell library contained the following spells:

 Spells                   Type           Power      Damage    Failure   Level
 Apportation              Tloc           0%         N/A       100%        1
 Slow                     Hex            0%         N/A       100%        1
 Lesser Beckoning         Tloc           0%         N/A       100%        2
 Static Discharge         Conj/Air       0%         2-2/arc   100%        2
 Sublimation of Blood     Necr           0%         N/A       100%        2
 Wereblood                Tmut           0%         N/A       100%        2
 Confusing Touch          Hex            0%         N/A       100%        3
 Frozen Ramparts          Ice            0%         1d1       100%        3
 Gell's Gravitas          Tloc           0%         N/A       100%        3
 Ozocubu's Armour         Ice            0%         N/A       100%        3
 Teleport Other           Tloc           0%         N/A       100%        3
 Vampiric Draining        Necr           0%         2d6       100%        3
 Vhi's Electric Charge    Tloc/Air       0%         N/A       100%        3
 Airstrike                Air            0%         2d(0-16)  100%        4
 Ice Form                 Ice/Tmut       0%         N/A       100%        4
 Alistair's Intoxication  Tmut/Pois      0%         N/A       100%        5
 Arcjolt                  Conj/Air       0%         1d10      100%        5
 Blade Hands              Tmut           0%         N/A       100%        5
 Irradiate                Conj/Tmut      0%         3d11      100%        5
 Plasma Beam              Fire/Air       0%         2x1d11    100%        6
 Dragon Form              Tmut           0%         N/A       100%        7
 Ozocubu's Refrigeration  Ice            0%         4d7       100%        7
 Summon Ice Beast         Ice/Summ       Unusable   N/A       N/A         4
 Summon Lightning Spire   Summ/Air       Unusable   N/A       N/A         4
 Summon Hydra             Summ           Unusable   N/A       N/A         7

Dungeon Overview and Level Annotations

Branches:
Dungeon (14/15)            Temple (1/1) D:4            Lair (0/5) D:9
    Orc (0/2) D:12        Gauntlet (visited)
 Vaults: D:13-14

Altars:
Ashenzari
Cheibriados
Dithmenos
Elyvilon
Fedhas
Gozag
Hepliaklqana
Kikubaaqudgha
Makhleb
Nemelex Xobeh
Okawaru
Qazlal
Ru
Sif Muna
Trog
Uskayaw
Vehumet
Wu Jian
Xom
Yredelemnul
Zin
The Shining One

Shops:
D:1 [?[   D:10 ?:

Annotations:
D:4 2 transporters, baghtru's ghost, amateur HOBe
D:8 3 runed translucent doors, laros's ghost, novice MiBe
D:14 Louise


Innate Abilities, Weirdness & Mutations

You have large cloven feet.
You possess an exceptional clarity of mind.
You are clumsy. (Dex -2)


Message History

The quasit bites you.
You feel clumsy. The quasit closely misses you. The quasit barely misses you.
You hit the quasit.
Your weapon exudes an aura of protection.
The quasit is moderately wounded.
The quasit bites you but does no damage.
The quasit claws you but does no damage. x2
You barely miss the quasit.
The quasit is moderately wounded.
You bludgeon the quasit!!
You kill the quasit!
Okawaru accepts your kill.
You start resting.
A hell hog comes into view.
The hell hog squeals angrily.
You hear an angry squeal.
Found a gateway leading out of the Abyss.
Your hands slow down.
A hell hog comes into view.
The hell hog attacks as you move away! The hell hog bites you!
The hell hog squeals angrily.
The hell hog breathes fire at you.
The fireball explodes!
The fireball engulfs you!
* * * LOW HITPOINT WARNING * * *
The fireball engulfs the hell hog.
The hell hog completely resists.
The hell hog breathes fire at you.
The fireball explodes!
The fireball engulfs you!
* * * LOW HITPOINT WARNING * * *
The fireball engulfs the hell hog.
The hell hog completely resists.
You hear a roar! x2
Unknown command.
A hell hog comes into view.
A vampire comes into view.
There is a gateway leading out of the Abyss here.
The hell hog squeals angrily.
The hell hog bites you!
* * * LOW HITPOINT WARNING * * *
The hell hog bites you but does no damage.
The hell hog breathes fire at you.
The fireball explodes!
The fireball engulfs you!!
You die...

. .. ..# ..# ...
# #.. #
#.#...†.. #.# .
. #.
.V#.>....##.. ..
.#. #. ..#. ..
..## ##.#.
###...# ...#
.h#..##..#..#. #
.#h#.#.#.†.....#
#@h##.##.#... .
.#.#...#
........
..#.###.## #...
..##.## .# ..# .
#.# ..# ## . ##
# .## # . # . .
.


You could see 3 hell hogs and a vampire.

Vanquished Creatures
  Frances (D:12)
  A minotaur (Gauntlet)
  A fire dragon (D:14)
  A green death (Abyss:3)
  2 jiangshi (Abyss:3)
  2 boulder beetles (D:14)
  A hell hog (Gauntlet)
  3 centaur warriors (D:13)
  2 two-headed ogres
  Nergalle (D:12)
  A wretched star (Abyss:3)
  5 skeletal warriors
  A glowing orange brain (Abyss:3)
  A harpy (shapeshifter) (D:13)
  2 deep elf pyromancers
  An ugly thing (D:12)
  2 worldbinders (Abyss:3)
  5 cyclopes
  4 slime creatures
  Maurice (D:8)
  A gargoyle (D:13)
  An efreet (D:14)
  A freezing wraith (Abyss:3)
  A tengu conjurer (D:13)
  An ice devil (Gauntlet)
  An unseen horror skeleton (D:9)
  An ancient zyme (Abyss:3)
  A meliai (D:14)
  3 trolls
  3 raiju (Abyss:3)
  A hornet (D:8)
  Sigmund (D:2)
  2 ynoxinuls
  4 wraiths
  14 yaks
  A yak (shapeshifter) (D:14)
  A water elemental (D:14)
  3 fire bats (Gauntlet)
  A small abomination (Abyss:3)
  2 basilisks
  2 steam dragons (D:8)
  13 vampire mosquitoes
  A large abomination (Abyss:3)
  2 water moccasins
  2 hell hounds (Gauntlet)
  7 orc warriors
  4 ice beasts
  3 sky beasts
  3 ogres
  6 centaurs
  2 phantoms
  8 kobold brigands
  4 bullfrogs
  4 gnoll sergeants
  5 scorpions
  A wyvern skeleton (D:9)
  9 wights
  4 howler monkeys
  An electric eel (D:14)
  A quasit (Abyss:3)
  A centaur zombie (D:9)
  A crimson imp (D:8)
  A hound (D:5)
  2 jellies
  A centaur skeleton (D:9)
  4 orc priests
  2 gnoll boudas
  2 iron imps (Gauntlet)
  6 iguanas
  11 orc wizards
  9 adders
  23 gnolls
  2 shadow imps
  5 white imps
  A howler monkey simulacrum (D:9)
  An ufetubus (D:4)
  A worm (D:3)
  7 dart slugs
  39 orcs
  8 endoplasms
  5 giant cockroaches
  9 goblins
  3 hobgoblins
  7 jackals
  6 quokkas
  9 ball pythons
  6 bats
  A frilled lizard (D:3)
  16 kobolds
  7 rats
360 creatures vanquished.

Notes
Turn   | Place    | Note
-------+----------+-------------------------------------------
     0 | D:1      | Anriel the Human Gladiator began the quest for the Orb.
     0 | D:1      | Reached XP level 1. HP: 16/16 MP: 1/1
    51 | D:1      | Found Baicidgh's Magic Scroll Boutique.
   155 | D:1      | Reached XP level 2. HP: 22/22 MP: 2/2
   158 | D:1      | Reached skill level 1 in Armour
   236 | D:1      | Reached XP level 3. HP: 24/28 MP: 3/3
   269 | D:1      | Found Suaraina's Antique Armour Shop.
   547 | D:1      | Found Suf Nuem's Antique Armour Shop.
   756 | D:2      | Noticed Sigmund
   811 | D:2      | Killed Sigmund
   812 | D:2      | Reached XP level 4. HP: 10/35 MP: 4/4
   812 | D:2      | Reached XP level 5. HP: 11/41 MP: 5/5
   812 | D:2      | Reached XP level 6. HP: 13/47 MP: 6/6
  2298 | D:3      | Found a sacrificial altar of Ru.
  2664 | D:4      | Reached XP level 7. HP: 53/53 MP: 7/7
  2767 | D:4      | Reached skill level 4 in Maces & Flails
  2839 | D:4      | Found a transporter.
  2839 | D:4      | Noticed baghtru's ghost (amateur HOBe)
  2846 | D:4      | Found a transporter.
  2875 | D:4      | Found a staircase to the Ecumenical Temple.
  2886 | Temple   | Entered the Ecumenical Temple
  2896 | Temple   | Became a worshipper of Warmaster Okawaru
  3063 | D:4      | Found a broken altar of Ashenzari.
  3119 | D:4      | Found a sparkling altar of Nemelex Xobeh.
  3159 | D:4      | Found a hide-covered altar of Uskayaw.
  3160 | D:4      | Found an ancient bone altar of Kikubaaqudgha.
  3174 | D:4      | Found a blossoming altar of Fedhas.
  3423 | D:5      | Entered Level 5 of the Dungeon
  3511 | D:5      | Reached XP level 8. HP: 60/60 MP: 8/8
  3528 | D:5      | Reached skill level 5 in Maces & Flails
  3551 | D:5      | Reached * piety under Okawaru
  3552 | D:5      | Reached skill level 1 in Invocations
  3640 | D:5      | Reached skill level 5 in Armour
  3677 | D:5      | Identified the ring of Intercession {rC+ rCorr AC+4}
  3699 | D:5      | Found a glowing silver altar of Zin.
  3894 | D:5      | Reached skill level 5 in Fighting
  4219 | D:1      | Bought a pair of boots for 108 gold pieces
  4247 | D:1      | Bought a scroll of identify for 24 gold pieces
  4247 | D:1      | Bought a scroll of enchant armour for 90 gold pieces
  4380 | D:6      | Identified the +6 whip "Qulit" {vamp, rElec}
  4456 | D:6      | Reached skill level 5 in Dodging
  4456 | D:6      | Reached XP level 9. HP: 27/68 MP: 11/11
  4584 | D:6      | Reached skill level 1 in Evocations
  4631 | D:6      | Reached ** piety under Okawaru
  4669 | D:6      | Reached skill level 5 in Invocations
  5030 | D:6      | Gained mutation: Your flesh is cold resistant. (rC+)
                  | [potion of mutation]
  5030 | D:6      | Gained mutation: Your mind is acute. (Int +4, Str/Dex -1)
                  | [potion of mutation]
  5031 | D:6      | Lost mutation: Your mind is acute. (Int +4, Str/Dex -1)
                  | [potion of mutation]
  5031 | D:6      | Lost mutation: Your flesh is cold resistant. (rC+) [potion
                  | of mutation]
  5031 | D:6      | Gained mutation: You are clumsy. (Dex -2) [potion of
                  | mutation]
  5031 | D:6      | Gained mutation: You possess an exceptional clarity of
                  | mind. [potion of mutation]
  5031 | D:6      | Gained mutation: Your magical capacity is low. (-10% MP)
                  | [potion of mutation]
  5031 | D:6      | Gained mutation: You have a somewhat thin skeletal
                  | structure. (Dex +2, Stealth+) [potion of mutation]
  5032 | D:6      | Lost mutation: You possess an exceptional clarity of mind.
                  | [potion of mutation]
  5032 | D:6      | Lost mutation: Your magical capacity is low. (-10% MP)
                  | [potion of mutation]
  5032 | D:6      | Lost mutation: You have a somewhat thin skeletal structure.
                  | (Dex +2, Stealth+) [potion of mutation]
  5032 | D:6      | Gained mutation: You have large cloven feet. [potion of
                  | mutation]
  5032 | D:6      | Gained mutation: You possess an exceptional clarity of
                  | mind. [potion of mutation]
  5342 | D:7      | Reached skill level 5 in Throwing
  5897 | D:8      | Reached *** piety under Okawaru
  5960 | D:8      | Noticed Maurice
  5962 | D:8      | Paralysed by Maurice for 4 turns
  5969 | D:8      | Paralysed by Maurice for 2 turns
  5974 | D:8      | Paralysed by Maurice for 4 turns
  5983 | D:8      | Paralysed by Maurice for 4 turns
  6017 | D:8      | Paralysed by something for 5 turns
  6025 | D:8      | Killed Maurice
  6026 | D:8      | Reached XP level 10. HP: 59/74 MP: 15/15
  6077 | D:8      | Paralysed by a hornet for 1 turns
  6175 | D:8      | Identified the ring "Gupt" {Fly MP+9}
  6185 | D:8      | Reached skill level 6 in Maces & Flails
  6216 | D:8      | Found a runed translucent gate.
  6216 | D:8      | Noticed laros's ghost (novice MiBe)
  6216 | D:8      | Identified the +1 chain mail of Lugonu's Respect {rN+ Str+4
                  | Dex+3}
  6217 | D:8      | Found a runed translucent gate.
  6218 | D:8      | Found a runed translucent gate.
  6256 | D:8      | Found a burning altar of Makhleb.
  6257 | D:8      | Found a radiant altar of Vehumet.
  6870 | D:8      | Identified a scroll of acquirement
  6870 | D:8      | Acquired a +3 great mace of protection
  6965 | D:9      | Reached skill level 5 in Evocations
  6967 | D:9      | Reached **** piety under Okawaru
  7061 | D:9      | Found a staircase to the Lair.
  7432 | D:9      | Received a gift from Okawaru
  7603 | D:10     | Entered Level 10 of the Dungeon
  7639 | D:10     | Reached skill level 7 in Maces & Flails
  7663 | D:10     | Found Imalilli's Book Boutique.
  7723 | D:10     | Reached XP level 11. HP: 75/79 MP: 18/18
  7737 | D:10     | Found Timilooc's Magic Scroll Shoppe.
  7747 | D:10     | Reached skill level 10 in Invocations
  7768 | D:10     | Bought a scroll of identify for 22 gold pieces
  7768 | D:10     | Bought a scroll of identify for 22 gold pieces
  7768 | D:10     | Bought a scroll of identify for 22 gold pieces
  7768 | D:10     | Bought a scroll of identify for 22 gold pieces
  7768 | D:10     | Bought a scroll of identify for 22 gold pieces
  7768 | D:10     | Bought a scroll of enchant armour for 82 gold pieces
  7921 | D:10     | Identified the ring "Wecliati" {rF- rN+++ AC+4 Str+3
                  | Stlth+}
  7941 | D:10     | Found a basalt altar of Yredelemnul.
  8044 | D:10     | Reached ***** piety under Okawaru
  8063 | D:10     | Reached skill level 8 in Maces & Flails
  8091 | D:10     | Received a gift from Okawaru
  8340 | D:1      | Bought a scroll of magic mapping for 90 gold pieces
  8626 | D:11     | Noticed a two-headed ogre
  8637 | D:11     | Killed a two-headed ogre
  8660 | D:11     | Noticed a cyclops
  8669 | D:11     | Killed a cyclops
  8682 | D:11     | Noticed a cyclops
  8690 | D:11     | Killed a cyclops
  8776 | D:11     | Found a gate leading to a gauntlet.
  8785 | Gauntlet | Entered a Gauntlet
  8785 | Gauntlet | Found a transporter.
  8794 | Gauntlet | Found a transporter.
  8805 | Gauntlet | Found a transporter.
  8812 | Gauntlet | Found a transporter.
  8821 | Gauntlet | Noticed an orange crystal statue
  8826 | Gauntlet | Noticed a green death
  8828 | Gauntlet | Found a transporter.
  8835 | Gauntlet | Noticed a hell beast
  8837 | Gauntlet | Found a runed translucent gate.
  8838 | Gauntlet | Found a transporter.
  8838 | Gauntlet | Found a runed translucent gate.
  8839 | Gauntlet | Found a runed translucent gate.
  8845 | Gauntlet | Noticed a hell hog
  8846 | Gauntlet | Found a runed translucent door.
  8848 | Gauntlet | Found a transporter.
  8850 | Gauntlet | Found a runed translucent door.
  8867 | Gauntlet | Found a transporter.
  8877 | Gauntlet | Found a transporter.
  8880 | Gauntlet | Found a transporter.
  8901 | Gauntlet | Found a transporter.
  9016 | Gauntlet | Identified the +1 robe of Eternal Night {rF- Int+7}
                  | (Okawaru gifted it to you in a Gauntlet)
  9016 | Gauntlet | Received a gift from Okawaru
  9026 | Gauntlet | Identified the +0 pair of boots of Honour {Fly rF+ Dex+2}
  9094 | Gauntlet | Found a transporter.
  9105 | Gauntlet | Identified the +2 cloak of Xiklor {Rampage +Blink rElec
                  | Int-5}
  9160 | Gauntlet | Killed a hell hog
  9161 | Gauntlet | Reached skill level 9 in Maces & Flails
  9180 | Gauntlet | Identified the ring of Hospitality {Str+6 Dex+5}
  9203 | Gauntlet | Noticed a minotaur
  9215 | Gauntlet | Killed a minotaur
  9216 | Gauntlet | Reached XP level 12. HP: 52/86 MP: 19/19
  9413 | D:11     | Reached skill level 10 in Maces & Flails
  9753 | D:12     | Noticed Frances
  9771 | D:12     | Killed Frances
  9783 | D:12     | Noticed Nergalle
  9792 | D:12     | Killed Nergalle
  9967 | D:12     | Found a staircase to the Orcish Mines.
 10008 | D:12     | Reached skill level 11 in Maces & Flails
 10445 | D:12     | Received a gift from Okawaru
 10644 | D:13     | Noticed a centaur warrior
 10656 | D:13     | Killed a centaur warrior
 10657 | D:13     | Reached XP level 13. HP: 63/91 MP: 20/20
 10695 | D:13     | Noticed a centaur warrior
 10709 | D:13     | Killed a centaur warrior
 10749 | D:13     | Reached skill level 12 in Maces & Flails
 11612 | D:13     | Noticed a centaur warrior
 11625 | D:13     | Killed a centaur warrior
 11672 | D:13     | Reached ****** piety under Okawaru
 11999 | D:14     | Reached skill level 13 in Maces & Flails
 12210 | D:14     | Noticed a fire dragon
 12228 | D:14     | Killed a fire dragon
 12323 | D:14     | Noticed Louise
 12336 | Abyss:3  | Cast into level 3 of the Abyss (Louise)
 12359 | Abyss:3  | Received a gift from Okawaru
 12361 | Abyss:3  | Found a corrupted altar of Lugonu.
 12479 | Abyss:3  | Noticed a jiangshi
 12482 | Abyss:3  | Noticed a green death
 12484 | Abyss:3  | Noticed a jiangshi
 12486 | Abyss:3  | Noticed a red draconian
 12489 | Abyss:3  | HP: 4/81 [poisoned by something (poison gas)]
 12500 | Abyss:3  | Killed a jiangshi
 12501 | Abyss:3  | Reached skill level 10 in Armour
 12501 | Abyss:3  | Reached skill level 10 in Dodging
 12501 | Abyss:3  | Reached XP level 14. HP: 15/98 MP: 15/21
 12521 | Abyss:3  | Reached skill level 14 in Maces & Flails
 12550 | Abyss:3  | Killed from afar by a hell hog

Illustrated notes

Levels and vault maps discovered:
D:1:      dpeg_arrival_short_road, layout_loops_ring, serial_shops,
          nicolae_shop_back_alley_shop, shop, shop
D:2:      layout_basic, serial_forest, infiniplex_forest_diagonal,
          infiniplex_forest_clump_small, infiniplex_forest_lined_ring,
          infiniplex_forest_lined_ring, infiniplex_forest_straight_3,
          infiniplex_forest_clump_tiny, infiniplex_forest_join,
          infiniplex_forest_zigzag_2, infiniplex_forest_lined_2,
          grunt_decor_one_mirror, uniq_sigmund
D:3:      layout_loops_ring, nicolae_ru_great_annihilating_truth
D:4:      layout_basic, grunt_temple_overflow_open, evilmike_ruin_ashenzari,
          amcnicky_altar_gilded, minmay_temple_entry_slanted,
          gammafunk_ghost_smash
D:5:      layout_basic, kennysheep_mini_moat
D:6:      layout_basic, amcnicky_mini_corridor_feature, grunt_ministairs_2,
          minmay_circle_x
D:7:      layout_loops_cross, chequers_serial_rivers_small_a
D:8:      layout_loops_corners, grunt_temple_overflow_lords_of_destruction,
          biasface_ghost_orc_armoury, dreamdust_princess_corridor, uniq_maurice
D:9:      layout_small_grid, dpeg_oklobed_lair, hangedman_weighted_door
D:10:     layout_cave_pools, mainiacjoe_overflow_brackets, serial_shops,
          nicolae_lakefront_shop, shop
D:11:     layout_roguey, gauntlet_entry_generic
D:12:     layout_loops_ring, kennysheep_orc_monster_closet_entryway,
          kennysheep_doodads, uniq_nergalle, uniq_frances
D:13:     layout_layer_cave
D:14:     layout_roguey, david_vaults_5, serial_shops, nicolae_shop_statue_plus,
          nicolae_lava_and_water, minmay_quadrilaterals, uniq_louise
Temple:   nicolae_temple_hex_pool
Abyss:3:  base: D:14, minivault_25_ag, evilmike_abyss_exit_plants,
          spicy_abyss_planar_alliance

Skill      XL: |  1  2  3  4  5  6  7  8  9 10 11 12 13 14 |
---------------+-------------------------------------------+-----
Armour         | 1 3 4 5 6 8 10 | 10.1
Fighting       | 3 4 5 |  5.0
Throwing       | 3 5 |  5.0
Maces & Flails | 4 5 7 9 11 13 14 | 14.0
Dodging        | 4 5 6 8 10 | 10.2
Invocations    | 3 7 9 10 | 10.3
Evocations     | 4 5 |  5.8

Action                     |  1- 3 |  4- 6 |  7- 9 | 10-12 | 13-15 || total
---------------------------+-------+-------+-------+-------+-------++-------
  Melee: Flail             |    74 |   113 |   224 |   230 |       ||   641
         Punch             |       |     1 |     4 |     1 |       ||     6
         Whip              |       |       |   199 |    20 |       ||   219
         Great mace        |       |       |       |   291 |   281 ||   572
  Throw: Javelin           |     5 |     6 |     5 |    32 |     1 ||    49
         Throwing net      |     4 |       |     3 |     3 |       ||    10
         Boomerang         |       |    36 |   154 |    91 |    59 ||   340
 Invoke: Heroism           |       |       |       |     1 |     2 ||     3
         Finesse           |       |       |       |     1 |     2 ||     3
Ability: Evoke Blink       |       |       |       |     1 |     4 ||     5
  Evoke: Wand              |       |       |       |     4 |       ||     4
    Use: Scroll            |     4 |     2 |    15 |    15 |     3 ||    39
         Potion            |       |       |     3 |     3 |    14 ||    20
   Stab: Held in net/web   |     2 |       |       |       |       ||     2
         Paralysed         |       |     1 |       |     2 |       ||     3
         Invisible         |       |       |       |     3 |       ||     3
 Armour: Leather armour    |    15 |       |       |       |       ||    15
         Ring mail         |     5 |    43 |    10 |       |       ||    58
         Scale mail        |       |       |   107 |       |       ||   107
         Plate armour      |       |       |    77 |   599 |   266 ||   942
         Chain mail        |       |       |    40 |       |       ||    40
  Dodge: Dodged            |    57 |    76 |   184 |   295 |   125 ||   737
